 Dungeon Crawl Stone Soup version 0.31-a0-700-gf13585253f (webtiles) character file.

Game seed: 2817021057061055175

109688 qw the Marksgargoyle (level 16, -8/110 HPs)
             Began as a Gargoyle Hunter on Sept 7, 2023.
             Was an Elder of Okawaru.
             Mangled by a jumping spider (14 damage)
             ... on level 2 of the Spider Nest.
             The game lasted 00:12:59 (21575 turns).

qw the Marksgargoyle (Gargoyle Hunter)             Turns: 21575, Time: 00:12:59

Health: -8/110     AC: 32    Str: 16    XL:     16   Next: 53%
Magic:  23/23      EV: 22    Int: 11    God:    Okawaru [****..]
Gold:   58         SH:  0    Dex: 19    Spells: 15/15 levels left

rFire   . . .        x - +4 longbow (elec)
rCold   + . .        (shield currently unavailable)
rNeg    + . .        c - +0 troll leather armour
rPois   inf          k - +1 helmet
rElec   +            f - +1 cloak
rCorr   .            w - +2 pair of gloves
SInv    .            i - +3 pair of mountain boots {steadfast, rC+}
Will    +....        m - amulet of faith
Stlth   ++           s - +5 ring of evasion
HPRegen 1.18/turn    q - +4 ring of protection
MPRegen 0.18/turn

%: faith
@: flying
A: sickness immunity, AC +12, big wings, negative energy resistance 1,
electricity resistance, torment resistance 1, petrification resistance
a: Renounce Religion, Heroism, Finesse


You were on level 2 of the Spider Nest.
You worshipped Okawaru.
Okawaru was greatly pleased with you.
You visited 4 branches of the dungeon, and saw 24 of its levels.

You collected 2396 gold pieces.
You spent 2338 gold pieces at shops.


Innate Abilities, Weirdness & Mutations

You are immune to sickness and miasma.
Your stone body is resilient. (AC +12)
You are immune to poison.
Your large and strong wings let you fly.
You resist negative energy. (rN+)
You are resistant to electric shocks. (rElec)
You are resistant to unholy torment.
You are immune to petrification.


   Skills:
 + Level 16.2 Fighting
 - Level 20.0 Ranged Weapons
 - Level 9.0 Armour
 - Level 9.0 Dodging
 - Level 1.1 Stealth
 - Level 10.0 Invocations


You had 15 spell levels left.
You didn't know any spells.
Your spell library was empty.

Inventory:

Hand Weapons
 x - a +4 longbow of electrocution (weapon)
Armour
 c - a +0 troll leather armour (worn)
 f - a +1 cloak (worn)
 i - the +3 pair of mountain boots (worn) {steadfast, rC+}
   (You bought it in a shop on level 2 of the Orcish Mines)

   Steadfast: It prevents involuntary movement, except for blinking,
   teleportation, or banishment.
   rC+:       It protects you from cold.
 k - a +1 helmet (worn)
 t - the +0 ring mail "Poonweu" {+Inv Fly rF+ rC-}
   (Okawaru gifted it to you on level 5 of the Lair of Beasts)

   rF+:       It protects you from fire.
   rC-:       It makes you vulnerable to cold.
   +Inv:      It lets you turn invisible.
   Fly:       It grants you flight.
 w - a +2 pair of gloves (worn)
Jewellery
 d - a ring of fire
 l - an amulet of reflection
 m - an amulet of faith (around neck)
 q - a +4 ring of protection (right hand)
 s - a +5 ring of evasion (left hand)
 v - a ring of fire
Wands
 g - a wand of digging (10)
Scrolls
 a - 7 scrolls of teleportation
 b - 3 scrolls of identify
Potions
 e - 3 potions of magic
 h - 7 potions of mutation
 j - 5 potions of curing
 n - 2 potions of might
 o - a potion of cancellation
 r - a potion of enlightenment
 u - a potion of haste
 z - 2 potions of resistance

Dungeon Overview and Level Annotations

Branches:
Dungeon (15/15)            Temple (0/1) D:5            Lair (5/5) D:10
  Swamp (0/4) Lair:2       Spider (2/4) Lair:3        Slime (0/5) Lair:5
    Orc (2/2) D:9             Elf (0/3) Orc:2        Vaults (0/5) D:13
 Depths (0/4) D:15

Altars:
Ashenzari
Elyvilon
Hepliaklqana
Kikubaaqudgha
Makhleb
Okawaru
Trog
Uskayaw
Vehumet
Xom
Yredelemnul
The Shining One
Jiyva

Shops:
D:13 [   D:14 (   D:15 !!   Orc:2 (*:[

Portals:
Hell: Lair:5

Annotations:
D:4 2 transporters, qw's ghost, amateur GrHu
D:8 3 runed translucent doors, qw's ghost, novice MiHs
D:10 4 runed translucent doors
D:15 3 runed translucent doors, Vochiuc's ghost, adept DEFE; Xiestris's ghost, journeyman DsGl
Lair:2 2 runed translucent doors, qw's ghost, journeyman GrFi
Lair:5 1 runed translucent door


Message History

The jumping spider barely misses you. The redback misses you.
The jumping spider completely misses you.
The jumping spider bites you but does no damage.
The moth of wrath closely misses you.
21571 |||
Found retreat position at -5,1 (floor) with 0 blocking monsters and 2 monsters attacking at destination at distance 5
21571 ||| Stepping ~*~*~tactically~*~*~ (retreating).
Enter note:
Enter note:
21572 |||
Found retreat position at -4,2 (floor) with 0 blocking monsters and 2 monsters attacking at destination at distance 4
21572 ||| Stepping ~*~*~tactically~*~*~ (retreating).
The jumping spider rages.
The redback rages.
The jumping spider pounces on you!
You are caught in a web!
The jumping spider barely misses you.
There is a web here.
Enter note:
Enter note:
21573 |||
Found retreat position at -3,3 (floor) with 0 blocking monsters and 2 monsters attacking at destination at distance 3 The web tears apart.
The jumping spider pounces on you but does no damage.
The jumping spider completely misses you.
The jumping spider pounces on you.
You are caught in a web!
The jumping spider misses you.
The moth of wrath completely misses you.
The redback bites you!
The orb spider weaves a glowing orb of energy.
The jumping spider pounces on you but does no damage.
The jumping spider bites you but does no damage.
An orb of destruction comes into view.
21574 |||
Found retreat position at -3,3 (floor) with 0 blocking monsters and 2 monsters attacking at destination at distance 3 You struggle to detach yourself from the web.
The redback barely misses you. The jumping spider misses you.
The jumping spider bites you but does no damage.
The moth of wrath closely misses you. The redback bites you.
The jumping spider closely misses you. x2
The moth of wrath bites you but does no damage.
21575 |||
Found retreat position at -3,3 (floor) with 0 blocking monsters and 2 monsters attacking at destination at distance 3 The web tears apart.
The redback bites you!! The orb of destruction hits you!!!
The jumping spider pounces on you!
You die...

.....?........^#.
###..#...........#.
#..................
##..#..........^....
...................
.....s.............
######[..0............<
#......00.......?......
#....@s#..............
#....sy...............
###.....^^............
#.......^^........(..
###..................
#....................
#...............##...
###...........>......
#.^...)............


You could see a moth of wrath, an orb spider, a jumping spider (berserk) and a
redback (berserk).

Vanquished Creatures
  Jorgrun (Orc:1)
  Donald (Orc:2)
  An orc warlord (Orc:2)
  Nessos (D:13)
  A spark wasp (Spider:1)
  A fire dragon (D:14)
  Erolcha (D:13)
  6 hydras
  2 entropy weavers (Spider:1)
  An ogre mage (D:13)
  A catoblepas (Lair:1)
  An anaconda (Lair:5)
  6 boulder beetles
  A radroach (Spider:1)
  3 centaur warriors
  A jorogumo (Spider:1)
  4 two-headed ogres
  2 tengu warriors
  2 demonic crawlers (Spider:1)
  2 orc high priests (Orc:2)
  Sonja (D:10)
  Nergalle (Orc:2)
  A skyshark (Lair:5)
  2 sun demons
  2 pharaoh ants
  Lodul (D:13)
  A glowing orange brain (D:15)
  3 orb spiders (Spider:1)
  A wizard (Lair:5)
  5 orc knights (Orc:2)
  2 deep elf pyromancers (D:13)
  An orc sorcerer (Orc:2)
  4 steelbarb worms
  8 ugly things
  9 wolf spiders (Spider:1)
  7 cyclopes
  5 manticores
  14 elephants
  6 black mambas
  An eye of devastation (Lair:5)
  5 torpor snails
  A smoke demon (Lair:5)
  6 orange demons
  Maggie (Lair:2)
  17 cane toads
  4 rime drakes (Lair:5)
  3 gargoyles
  3 komodo dragons (Lair:2)
  A tengu conjurer (D:14)
  3 meliai (Spider:1)
  A hornet (D:9)
  4 polar bears
  9 trolls
  2 red devils
  15 tarantellas
  11 dream sheep
  6 blink frogs (Lair:5)
  A dream sheep (shapeshifter) (D:15)
  12 slime creatures
  10 jumping spiders
  9 culicivoras
  42 yaks
  A shadow (D:12)
  A centaur simulacrum (D:13)
  A water elemental (D:11)
  3 wraiths
  A hog (shapeshifter) (D:15)
  4 wyverns
  6 basilisks
  A steam dragon (D:6)
  17 vampire mosquitoes
  A human (Lair:5)
  2 chaos spawn (D:10)
  17 redbacks
  6 wargs
  An acid dragon (D:9)
  15 water moccasins
  3 hell hounds (Lair:5)
  A floating eye (Lair:5)
  An ice beast (D:7)
  A sky beast (D:7)
  28 orc warriors
  3 black bears
  30 wolves
  14 centaurs
  15 ogres
  4 kobold brigands
  10 bullfrogs
  2 gnoll sergeants
  3 scorpions
  9 wights
  5 killer bees
  4 howler monkeys
  6 electric eels
  A lava snake (D:10)
  5 quasits (D:10)
  2 hounds
  3 gnoll boudas
  16 orc priests
  5 jellies
  2 iguanas
  A sleepcap (D:7)
  21 orc wizards
  6 hell rats (Lair:5)
  A statue (D:6)
  20 gnolls
  3 adders
  A shadow imp (D:7)
  A white imp (D:6)
  An ufetubus (D:5)
  A worm (D:2)
  54 orcs
  10 endoplasms
  4 giant cockroaches
  15 goblins
  7 hobgoblins
  3 jackals
  16 kobolds
  4 quokkas
  14 ball pythons
  7 bats
  9 frilled lizards
  7 rats
736 creatures vanquished.

Vanquished Creatures (others)
  A human (D:4)
  An orc wizard (D:9)
  A kobold (D:3)
3 creatures vanquished.

Grand Total: 739 creatures vanquished

Notes
Turn   | Place    | Note
-------+----------+-------------------------------------------
     0 | D:1      | qw the Gargoyle Hunter began the quest for the Orb.
     0 | D:1      | Reached XP level 1. HP: 12/12 MP: 1/1
     0 | D:1      | 0 ||| qw: Version: 0.3-a-76-g4403597
     0 | D:1      | 0 ||| qw: Game counter: 676
     0 | D:1      | 0 ||| qw: Melee chars always use a shield: true
     0 | D:1      | 0 ||| qw: God list: Okawaru
     0 | D:1      | 0 ||| qw: Allow faded altars: false
     0 | D:1      | 0 ||| qw: Do Orc after clearing Dungeon:15 true
     0 | D:1      | 0 ||| qw: Do second Lair branch before Depths: true
     0 | D:1      | 0 ||| qw: Lair rune preference: random
     0 | D:1      | 0 ||| qw: Goals: Normal
     0 | D:1      | 0 ||| PLANNING D:1-11
    70 | D:1      | Reached XP level 2. HP: 17/17 MP: 2/2
   258 | D:1      | Reached XP level 3. HP: 21/21 MP: 3/3
   269 | D:1      | Reached skill level 5 in Ranged Weapons
   356 | D:1      | 356 ||| READING scroll labelled SESATRAVEM.
   357 | D:1      | 357 ||| READING scroll labelled SICAENA XIMNY.
   358 | D:1      | 358 ||| READING scroll labelled YLUCE SAK WONG.
   359 | D:1      | 359 ||| READING scroll labelled VAFICA JABOAPH.
   360 | D:1      | 360 ||| READING scroll labelled YLAACW OSOSHREB.
   363 | D:1      | 363 ||| DRINKING 2 fizzy puce potions.
   467 | D:1      | 467 ||| DROPPING scroll of butterflies.
   468 | D:1      | 468 ||| DROPPING potion of berserk rage.
   518 | D:2      | Found a faded altar of an unknown god.
   826 | D:2      | Reached skill level 3 in Fighting
   832 | D:2      | Reached XP level 4. HP: 27/28 MP: 4/4
  1288 | D:2      | 1288 ||| UPGRADING to +0 cloak.
  1293 | D:2      | 1293 ||| READING scroll labelled NYMIOGU SEMO.
  1294 | D:2      | 1294 ||| READING scroll labelled TOKKIEPP KUGYL.
  1295 | D:2      | 1295 ||| READING 2 scrolls labelled ZIPNAI EDOP.
  1296 | D:2      | 1296 ||| READING scroll of enchant armour.
  1296 | D:2      | 1296 ||| ENCHANTING +0 cloak.
  1579 | D:3      | Reached XP level 5. HP: 32/32 MP: 5/5
  1632 | D:3      | Found an iron altar of Okawaru.
  1634 | D:3      | 1634 ||| PLANNING OKAWARU WORSHIP
  1638 | D:3      | Became a worshipper of Warmaster Okawaru
  1639 | D:3      | 1639 ||| PLANNING D:1-11
  1703 | D:3      | 1703 ||| READING scroll of enchant weapon.
  1703 | D:3      | 1703 ||| ENCHANTING +1 shortbow of chaos.
  1704 | D:3      | Found a basalt altar of Yredelemnul.
  1889 | D:3      | Found a shimmering altar of Xom.
  1950 | D:3      | Reached skill level 6 in Ranged Weapons
  2024 | D:3      | 2024 ||| UPGRADING to +0 ring mail.
  2034 | D:3      | 2034 ||| DROPPING +0 leather armour.
  2035 | D:3      | 2035 ||| READING scroll labelled IBEELO JIUMA.
  2074 | D:4      | Found an ancient bone altar of Kikubaaqudgha.
  2075 | D:4      | Noticed a human
  2077 | D:4      | Killed a human
  2143 | D:4      | Reached skill level 1 in Armour
  2175 | D:4      | 2175 ||| FLEEEEING.
  2176 | D:4      | 2176 ||| FLEEEEING.
  2177 | D:4      | 2177 ||| FLEEEEING.
  2178 | D:4      | 2178 ||| FLEEEEING.
  2214 | D:4      | 2214 ||| Stepping ~*~*~tactically~*~*~ (outnumbered).
  2249 | D:4      | 2249 ||| Stepping ~*~*~tactically~*~*~ (retreating).
  2253 | D:4      | 2253 ||| Stepping ~*~*~tactically~*~*~ (retreating).
  2256 | D:4      | Reached XP level 6. HP: 35/38 MP: 6/6
  2262 | D:4      | 2262 ||| FLEEEEING.
  2263 | D:4      | 2263 ||| FLEEEEING.
  2264 | D:4      | 2264 ||| FLEEEEING.
  2265 | D:4      | 2265 ||| FLEEEEING.
  2266 | D:4      | 2266 ||| FLEEEEING.
  2267 | D:4      | 2267 ||| FLEEEEING.
  2268 | D:4      | 2268 ||| FLEEEEING.
  2269 | D:4      | 2269 ||| FLEEEEING.
  2270 | D:4      | 2270 ||| FLEEEEING.
  2271 | D:4      | 2271 ||| FLEEEEING.
  2272 | D:4      | 2272 ||| FLEEEEING.
  2273 | D:4      | 2273 ||| FLEEEEING.
  2274 | D:4      | 2274 ||| FLEEEEING.
  2275 | D:4      | 2275 ||| FLEEEEING.
  2277 | D:4      | 2277 ||| FLEEEEING.
  2278 | D:4      | 2278 ||| FLEEEEING.
  2279 | D:4      | 2279 ||| FLEEEEING.
  2280 | D:4      | 2280 ||| FLEEEEING.
  2281 | D:4      | 2281 ||| FLEEEEING.
  2282 | D:4      | 2282 ||| FLEEEEING.
  2283 | D:4      | 2283 ||| FLEEEEING.
  2284 | D:4      | 2284 ||| FLEEEEING.
  2285 | D:4      | 2285 ||| FLEEEEING.
  2286 | D:4      | 2286 ||| FLEEEEING.
  2287 | D:4      | 2287 ||| FLEEEEING.
  2288 | D:4      | 2288 ||| FLEEEEING.
  2290 | D:4      | 2290 ||| FLEEEEING.
  2291 | D:4      | 2291 ||| FLEEEEING.
  2292 | D:4      | 2292 ||| FLEEEEING.
  2293 | D:4      | 2293 ||| FLEEEEING.
  2294 | D:4      | 2294 ||| FLEEEEING.
  2296 | D:4      | 2296 ||| FLEEEEING.
  2297 | D:4      | 2297 ||| FLEEEEING.
  2298 | D:4      | 2298 ||| FLEEEEING.
  2299 | D:4      | 2299 ||| FLEEEEING.
  2300 | D:4      | 2300 ||| FLEEEEING.
  2301 | D:4      | 2301 ||| FLEEEEING.
  2302 | D:4      | 2302 ||| FLEEEEING.
  2303 | D:4      | 2303 ||| FLEEEEING.
  2304 | D:4      | 2304 ||| FLEEEEING.
  2305 | D:4      | 2305 ||| STAIRDANCE
  2340 | D:3      | 2340 ||| READING scroll labelled BEXTYGOPAO.
  2400 | D:4      | Found a glowing golden altar of the Shining One.
  2408 | D:4      | Found a hazy altar of Hepliaklqana.
  2410 | D:4      | Found a hide-covered altar of Uskayaw.
  2514 | D:4      | Noticed qw's ghost (amateur GrHu)
  2528 | D:4      | Found a transporter.
  2558 | D:4      | Found a transporter.
  2736 | D:4      | 2736 ||| UPGRADING to +0 helmet.
  2741 | D:4      | 2741 ||| DROPPING ring of flight.
  2750 | D:5      | Entered Level 5 of the Dungeon
  2770 | D:5      | Reached skill level 7 in Ranged Weapons
  2775 | D:5      | Found a staircase to the Ecumenical Temple.
  2776 | D:5      | Reached * piety under Okawaru
  2865 | D:5      | Noticed a black bear
  2866 | D:5      | 2866 ||| INVOKING Heroism.
  2868 | D:5      | Killed a black bear
  2869 | D:5      | Reached skill level 3 in Armour
  2869 | D:5      | Reached XP level 7. HP: 43/43 MP: 4/7
  2921 | D:5      | 2921 ||| INVOKING Heroism.
  2922 | D:5      | 2922 ||| INVOKING Heroism.
  2923 | D:5      | 2923 ||| INVOKING Heroism.
  2962 | D:5      | 2962 ||| INVOKING Heroism.
  3186 | D:5      | Reached skill level 1 in Invocations
  3300 | D:5      | Found a white marble altar of Elyvilon.
  3307 | D:5      | Found a broken altar of Ashenzari.
  3370 | D:5      | 3370 ||| DROPPING scarf of invisibility.
  3371 | D:5      | 3371 ||| UPGRADING to amulet of faith.
  3376 | D:5      | 3376 ||| UPGRADING to +4 ring of protection.
  3377 | D:5      | 3377 ||| UPGRADING to ring of resist corrosion.
  3378 | D:5      | 3378 ||| UPGRADING to +5 ring of evasion.
  3380 | D:5      | 3380 ||| UPGRADING to +4 ring of protection.
  3382 | D:5      | 3382 ||| DROPPING ring of resist corrosion.
  3383 | D:5      | 3383 ||| DRINKING 2 orange potions.
  3384 | D:5      | 3384 ||| DRINKING 2 lumpy ruby potions.
  3390 | D:6      | 3390 ||| INVOKING Heroism.
  3393 | D:6      | 3393 ||| STAIRDANCE
  3398 | D:5      | Reached skill level 8 in Ranged Weapons
  3411 | D:6      | 3411 ||| STAIRDANCE
  3416 | D:6      | 3416 ||| STAIRDANCE
  3482 | D:6      | Noticed a steam dragon
  3484 | D:6      | 3484 ||| Stepping ~*~*~tactically~*~*~ (cloud).
  3485 | D:6      | 3485 ||| INVOKING Heroism.
  3494 | D:6      | Killed a steam dragon
  3495 | D:6      | Reached XP level 8. HP: 33/49 MP: 7/9
  3677 | D:6      | 3677 ||| SWAPPING to +0 heavy shortbow.
  3678 | D:6      | 3678 ||| DROPPING +2 shortbow of chaos.
  3827 | D:6      | 3827 ||| INVOKING Heroism.
  3835 | D:6      | Reached skill level 3 in Invocations
  3840 | D:6      | 3840 ||| INVOKING Heroism.
  3971 | D:6      | Found a radiant altar of Vehumet.
  3972 | D:6      | 3972 ||| INVOKING Heroism.
  4240 | D:6      | 4240 ||| INVOKING Heroism.
  4374 | D:6      | 4374 ||| UPGRADING to +0 steam dragon scales.
  4384 | D:6      | 4384 ||| DROPPING +0 ring mail.
  4385 | D:6      | 4385 ||| UPGRADING to +1 pair of gloves.
  4390 | D:6      | 4390 ||| DROPPING ring of see invisible.
  4391 | D:6      | 4391 ||| READING scroll labelled JIUPNU KOCLEMM.
  4426 | D:6      | 4426 ||| READING 2 scrolls of identify.
  4426 | D:6      | 4426 ||| IDENTIFYING red potion
  4427 | D:6      | 4427 ||| DROPPING potion of lignification.
  4507 | D:7      | Reached skill level 9 in Ranged Weapons
  4551 | D:7      | 4551 ||| FLEEEEING.
  4552 | D:7      | 4552 ||| FLEEEEING.
  4553 | D:7      | 4553 ||| FLEEEEING.
  4554 | D:7      | 4554 ||| FLEEEEING.
  4555 | D:7      | 4555 ||| FLEEEEING.
  4556 | D:7      | 4556 ||| FLEEEEING.
  4558 | D:7      | 4558 ||| FLEEEEING.
  4559 | D:7      | 4559 ||| RETREATING.
  4562 | D:7      | 4562 ||| Stepping ~*~*~tactically~*~*~ (retreating).
  4578 | D:7      | Reached ** piety under Okawaru
  4579 | D:7      | Reached skill level 6 in Fighting
  4579 | D:7      | Reached XP level 9. HP: 53/55 MP: 12/12
  4608 | D:7      | Reached skill level 10 in Ranged Weapons
  5071 | D:7      | 5071 ||| INVOKING Heroism.
  5072 | D:7      | 5072 ||| RETREATING.
  5078 | D:7      | Reached skill level 3 in Dodging
  5111 | D:7      | Found a bloodstained altar of Trog.
  5326 | D:7      | 5326 ||| READING scroll labelled VAOWOT OVVU.
  5327 | D:7      | 5327 ||| DRINKING 2 fizzy silvery potions.
  5328 | D:7      | 5328 ||| READING 3 scrolls of identify.
  5328 | D:7      | 5328 ||| IDENTIFYING smoky green potion
  5329 | D:7      | 5329 ||| READING 2 scrolls of identify.
  5329 | D:7      | 5329 ||| IDENTIFYING golden potion
  5330 | D:7      | 5330 ||| DROPPING potion of degeneration.
  5406 | D:8      | Reached *** piety under Okawaru
  5464 | D:8      | 5464 ||| INVOKING Heroism.
  5533 | D:8      | 5533 ||| RETREATING.
  5543 | D:8      | 5543 ||| INVOKING Heroism.
  5562 | D:8      | 5562 ||| INVOKING Heroism.
  5728 | D:8      | Found a runed translucent gate.
  5729 | D:8      | Found a runed translucent gate.
  5730 | D:8      | Found a runed translucent gate.
  5731 | D:8      | Noticed qw's ghost (novice MiHs)
  5929 | D:8      | 5929 ||| READING scroll labelled QOIBOBBA CILER.
  5930 | D:8      | 5930 ||| READING 2 scrolls of identify.
  5930 | D:8      | 5930 ||| IDENTIFYING murky green potion
  6015 | D:9      | 6015 ||| INVOKING Heroism.
  6018 | D:9      | 6018 ||| Stepping ~*~*~tactically~*~*~ (outnumbered).
  6039 | D:9      | 6039 ||| INVOKING Heroism.
  6044 | D:9      | Reached skill level 11 in Ranged Weapons
  6058 | D:9      | 6058 ||| SWAPPING to +0 arbalest.
  6059 | D:9      | 6059 ||| DROPPING +0 heavy shortbow.
  6060 | D:9      | 6060 ||| READING 2 scrolls of brand weapon.
  6060 | D:9      | 6060 ||| BRANDING +0 arbalest.
  6061 | D:9      | 6061 ||| READING scroll of brand weapon.
  6061 | D:9      | 6061 ||| BRANDING +0 arbalest of freezing.
  6080 | D:9      | Reached XP level 10. HP: 64/64 MP: 13/13
  6091 | D:9      | Found a staircase to the Orcish Mines.
  6113 | D:9      | 6113 ||| INVOKING Heroism.
  6219 | D:9      | 6219 ||| INVOKING Heroism.
  6485 | D:9      | 6485 ||| READING 2 scrolls of identify.
  6485 | D:9      | 6485 ||| IDENTIFYING inky potion
  6486 | D:9      | 6486 ||| DROPPING potion of ambrosia.
  6503 | D:10     | Entered Level 10 of the Dungeon
  6503 | D:10     | Found a staircase to the Lair.
  6504 | D:10     | 6504 ||| INVOKING Heroism.
  6506 | D:10     | 6506 ||| Stepping ~*~*~tactically~*~*~ (outnumbered).
  6519 | D:10     | Reached skill level 12 in Ranged Weapons
  6519 | D:10     | 6519 ||| INVOKING Heroism.
  6601 | D:10     | Noticed an orange demon
  6606 | D:10     | 6606 ||| RETREATING.
  6616 | D:10     | Killed an orange demon
  6703 | D:10     | Identified the +4 whip "Fuoppete" {protect, Dex+2}
  6728 | D:10     | 6728 ||| INVOKING Heroism.
  6782 | D:10     | Noticed a two-headed ogre
  6783 | D:10     | 6783 ||| INVOKING Heroism.
  6785 | D:10     | Killed a two-headed ogre
  6833 | D:10     | Found a large runed translucent door.
  6836 | D:10     | Found a large runed translucent door.
  6837 | D:10     | Noticed a deep elf pyromancer
  6837 | D:10     | Found the +5 Lochaber axe {reach-cleave, Poleaxe Drain}
  6837 | D:10     | Noticed a red ugly thing
  6841 | D:10     | 6841 ||| RETREATING.
  6847 | D:10     | Reached **** piety under Okawaru
  6848 | D:10     | Reached skill level 13 in Ranged Weapons
  6860 | D:10     | 6860 ||| INVOKING Heroism.
  6866 | D:10     | Reached XP level 11. HP: 35/69 MP: 11/14
  7003 | D:10     | 7003 ||| INVOKING Heroism.
  7029 | D:10     | Found a large runed translucent door.
  7030 | D:10     | Found a large runed translucent door.
  7043 | D:10     | Noticed a boulder beetle
  7044 | D:10     | 7044 ||| INVOKING Heroism.
  7053 | D:10     | 7053 ||| RETREATING.
  7058 | D:10     | Killed a boulder beetle
  7059 | D:10     | Reached skill level 9 in Fighting
  7059 | D:10     | Reached skill level 6 in Invocations
  7129 | D:10     | Noticed a cyclops
  7130 | D:10     | 7130 ||| INVOKING Heroism.
  7140 | D:10     | HP: 16/71 [cyclops (13)]
  7141 | D:10     | 7141 ||| READING 5 scrolls of teleportation.
  7142 | D:10     | Killed a cyclops
  7571 | D:10     | Noticed a boulder beetle
  7572 | D:10     | 7572 ||| INVOKING Heroism.
  7580 | D:10     | Killed a boulder beetle
  7580 | D:10     | Reached ***** piety under Okawaru
  7760 | D:10     | 7760 ||| INVOKING Heroism.
  7801 | D:10     | 7801 ||| INVOKING Heroism.
  7802 | D:10     | 7802 ||| READING scroll labelled JIYN YCELU.
  7803 | D:10     | 7803 ||| READING 2 scrolls of identify.
  7803 | D:10     | 7803 ||| IDENTIFYING viscous grey potion
  7804 | D:10     | 7804 ||| DROPPING potion of brilliance.
  7807 | D:10     | Noticed a sun demon
  7819 | D:10     | HP: 13/71 [sun demon (10)]
  7820 | D:10     | 7820 ||| READING 6 scrolls of teleportation.
  7823 | D:10     | Killed a sun demon
  8148 | D:10     | 8148 ||| INVOKING Heroism.
  8188 | D:10     | Noticed a tengu warrior
  8195 | D:10     | 8195 ||| INVOKING Heroism.
  8199 | D:10     | Killed a tengu warrior
  8352 | D:10     | Found a burning altar of Makhleb.
  8372 | D:10     | Noticed Sonja
  8373 | D:10     | 8373 ||| INVOKING Finesse.
  8375 | D:10     | Killed Sonja
  8459 | D:10     | 8459 ||| INVOKING Heroism.
  8536 | D:10     | Noticed a cyclops
  8537 | D:10     | 8537 ||| INVOKING Heroism.
  8543 | D:10     | Killed a cyclops
  8544 | D:10     | Reached skill level 14 in Ranged Weapons
  8665 | D:10     | 8665 ||| PLANNING LAIR
  8665 | D:10     | 8665 ||| UPGRADING to +0 troll leather armour.
  8675 | D:10     | 8675 ||| DROPPING +0 steam dragon scales.
  8699 | Lair:1   | Entered Level 1 of the Lair of Beasts
  8738 | Lair:1   | Noticed a catoblepas
  8739 | Lair:1   | 8739 ||| INVOKING Heroism.
  8743 | Lair:1   | 8743 ||| RETREATING.
  8747 | Lair:1   | 8747 ||| Stepping ~*~*~tactically~*~*~ (retreating).
  8749 | Lair:1   | 8749 ||| Stepping ~*~*~tactically~*~*~ (retreating).
  8754 | Lair:1   | 8754 ||| Stepping ~*~*~tactically~*~*~ (retreating).
  8755 | Lair:1   | 8755 ||| Stepping ~*~*~tactically~*~*~ (retreating).
  8756 | Lair:1   | 8756 ||| Stepping ~*~*~tactically~*~*~ (retreating).
  8757 | Lair:1   | 8757 ||| Stepping ~*~*~tactically~*~*~ (retreating).
  8758 | Lair:1   | 8758 ||| Stepping ~*~*~tactically~*~*~ (retreating).
  8759 | Lair:1   | 8759 ||| Stepping ~*~*~tactically~*~*~ (retreating).
  8762 | Lair:1   | 8762 ||| Stepping ~*~*~tactically~*~*~ (retreating).
  8763 | Lair:1   | 8763 ||| Stepping ~*~*~tactically~*~*~ (retreating).
  8764 | Lair:1   | 8764 ||| Stepping ~*~*~tactically~*~*~ (retreating).
  8765 | Lair:1   | 8765 ||| Stepping ~*~*~tactically~*~*~ (retreating).
  8766 | Lair:1   | 8766 ||| Stepping ~*~*~tactically~*~*~ (retreating).
  8767 | Lair:1   | 8767 ||| Stepping ~*~*~tactically~*~*~ (retreating).
  8768 | Lair:1   | 8768 ||| Stepping ~*~*~tactically~*~*~ (retreating).
  8769 | Lair:1   | 8769 ||| Stepping ~*~*~tactically~*~*~ (retreating).
  8770 | Lair:1   | 8770 ||| Stepping ~*~*~tactically~*~*~ (retreating).
  8771 | Lair:1   | 8771 ||| Stepping ~*~*~tactically~*~*~ (retreating).
  8772 | Lair:1   | 8772 ||| Stepping ~*~*~tactically~*~*~ (retreating).
  8773 | Lair:1   | 8773 ||| Stepping ~*~*~tactically~*~*~ (retreating).
  8774 | Lair:1   | 8774 ||| Stepping ~*~*~tactically~*~*~ (retreating).
  8775 | Lair:1   | 8775 ||| Stepping ~*~*~tactically~*~*~ (retreating).
  8776 | Lair:1   | 8776 ||| Stepping ~*~*~tactically~*~*~ (retreating).
  8777 | Lair:1   | 8777 ||| Stepping ~*~*~tactically~*~*~ (retreating).
  8778 | Lair:1   | 8778 ||| Stepping ~*~*~tactically~*~*~ (retreating).
  8779 | Lair:1   | 8779 ||| Stepping ~*~*~tactically~*~*~ (retreating).
  8781 | Lair:1   | 8781 ||| Stepping ~*~*~tactically~*~*~ (retreating).
  8782 | Lair:1   | 8782 ||| Stepping ~*~*~tactically~*~*~ (retreating).
  8785 | Lair:1   | 8785 ||| Stepping ~*~*~tactically~*~*~ (retreating).
  8786 | Lair:1   | 8786 ||| Stepping ~*~*~tactically~*~*~ (retreating).
  8787 | Lair:1   | 8787 ||| Stepping ~*~*~tactically~*~*~ (retreating).
  8897 | Lair:1   | 8897 ||| INVOKING Heroism.
  8899 | Lair:1   | 8899 ||| RETREATING.
  8902 | Lair:1   | Reached skill level 9 in Invocations
  8902 | Lair:1   | Reached XP level 12. HP: 76/76 MP: 15/18
  8943 | Lair:1   | 8943 ||| INVOKING Heroism.
  8951 | Lair:1   | Killed a catoblepas
  8959 | Lair:1   | Identified the +0 chain mail of Wabraec {Int+5 Dex+3}
                  | (Okawaru gifted it to you on level 1 of the Lair of Beasts)
  8959 | Lair:1   | Received a gift from Okawaru
  9005 | Lair:1   | 9005 ||| RETREATING.
  9007 | Lair:1   | 9007 ||| Stepping ~*~*~tactically~*~*~ (retreating).
  9008 | Lair:1   | 9008 ||| Stepping ~*~*~tactically~*~*~ (retreating).
  9017 | Lair:1   | 9017 ||| INVOKING Heroism.
  9149 | Lair:1   | 9149 ||| RETREATING.
  9161 | Lair:1   | 9161 ||| INVOKING Heroism.
  9249 | Lair:1   | 9249 ||| RETREATING.
  9252 | Lair:1   | 9252 ||| INVOKING Heroism.
  9408 | Lair:1   | 9408 ||| INVOKING Heroism.
  9709 | Lair:1   | 9709 ||| READING 2 scrolls of identify.
  9709 | Lair:1   | 9709 ||| IDENTIFYING fizzy sapphire potion
  9762 | Lair:2   | Reached skill level 15 in Ranged Weapons
  9886 | Lair:2   | 9886 ||| INVOKING Heroism.
 10001 | Lair:2   | 10001 ||| INVOKING Heroism.
 10082 | Lair:2   | Noticed Maggie
 10095 | Lair:2   | Killed Maggie
 10213 | Lair:2   | Found a large runed translucent door.
 10213 | Lair:2   | Found a large runed translucent door.
 10216 | Lair:2   | Noticed qw's ghost (journeyman GrFi)
 10217 | Lair:2   | Identified the +5 shortbow "Qefiqey" {flame, Will+ Str+4
                  | Stlth+}
 10224 | Lair:2   | 10224 ||| RETREATING.
 10229 | Lair:2   | Noticed a boulder beetle
 10236 | Lair:2   | 10236 ||| Stepping ~*~*~tactically~*~*~ (retreating).
 10237 | Lair:2   | 10237 ||| Stepping ~*~*~tactically~*~*~ (retreating).
 10238 | Lair:2   | 10238 ||| INVOKING Heroism.
 10239 | Lair:2   | 10239 ||| Stepping ~*~*~tactically~*~*~ (retreating).
 10240 | Lair:2   | 10240 ||| Stepping ~*~*~tactically~*~*~ (retreating).
 10251 | Lair:2   | Reached skill level 16 in Ranged Weapons
 10255 | Lair:2   | 10255 ||| INVOKING Finesse.
 10258 | Lair:2   | 10258 ||| INVOKING Heroism.
 10265 | Lair:2   | Reached XP level 13. HP: 73/83 MP: 13/20
 10326 | Lair:2   | 10326 ||| RETREATING.
 10331 | Lair:2   | 10331 ||| Stepping ~*~*~tactically~*~*~ (retreating).
 10332 | Lair:2   | 10332 ||| Stepping ~*~*~tactically~*~*~ (retreating).
 10350 | Lair:2   | 10350 ||| INVOKING Heroism.
 10404 | Lair:2   | Found a staircase to the Swamp.
 10764 | Lair:2   | 10764 ||| DROPPING +1 pair of gloves.
 10765 | Lair:2   | 10765 ||| DROPPING ring of magical power.
 10970 | Lair:3   | 10970 ||| RETREATING.
 11180 | Lair:3   | Identified the +2 ring mail of Jiry {Str+2} (Okawaru gifted
                  | it to you on level 3 of the Lair of Beasts)
 11180 | Lair:3   | Received a gift from Okawaru
 11202 | Lair:3   | Found a hole to the Spider Nest.
 11208 | Lair:3   | 11208 ||| Stepping ~*~*~tactically~*~*~ (outnumbered).
 11223 | Lair:3   | 11223 ||| INVOKING Heroism.
 11328 | Lair:3   | Reached skill level 17 in Ranged Weapons
 11328 | Lair:3   | 11328 ||| INVOKING Heroism.
 11814 | Lair:3   | 11814 ||| DROPPING +2 ring mail of Jiry {Str+2}.
 11815 | Lair:3   | 11815 ||| READING 3 scrolls of identify.
 11815 | Lair:3   | 11815 ||| IDENTIFYING grey potion
 11816 | Lair:3   | 11816 ||| READING 2 scrolls of identify.
 11816 | Lair:3   | 11816 ||| IDENTIFYING black potion
 11955 | Lair:4   | 11955 ||| RETREATING.
 11957 | Lair:4   | 11957 ||| FLEEEEING.
 11958 | Lair:4   | 11958 ||| INVOKING Heroism.
 11960 | Lair:4   | 11960 ||| Stepping ~*~*~tactically~*~*~ (retreating).
 11961 | Lair:4   | 11961 ||| Stepping ~*~*~tactically~*~*~ (retreating).
 11969 | Lair:4   | Reached skill level 6 in Dodging
 12096 | Lair:4   | 12096 ||| Stepping ~*~*~tactically~*~*~ (retreating).
 12342 | Lair:4   | 12342 ||| RETREATING.
 12486 | Lair:4   | 12486 ||| DROPPING ring of wizardry.
 12491 | Lair:5   | Entered Level 5 of the Lair of Beasts
 12493 | Lair:5   | 12493 ||| STAIRDANCE
 12516 | Lair:5   | 12516 ||| STAIRDANCE
 12521 | Lair:4   | 12521 ||| Stepping ~*~*~tactically~*~*~ (retreating).
 12522 | Lair:4   | 12522 ||| Stepping ~*~*~tactically~*~*~ (retreating).
 12523 | Lair:4   | 12523 ||| Stepping ~*~*~tactically~*~*~ (retreating).
 12548 | Lair:5   | 12548 ||| STAIRDANCE
 12643 | Lair:5   | Paralysed by a floating eye for 4 turns
 12654 | Lair:5   | 12654 ||| INVOKING Heroism.
 12679 | Lair:5   | Found a staircase to the Slime Pits.
 12727 | Lair:5   | 12727 ||| INVOKING Heroism.
 12729 | Lair:5   | 12729 ||| RETREATING.
 12734 | Lair:5   | 12734 ||| Stepping ~*~*~tactically~*~*~ (retreating).
 12735 | Lair:5   | 12735 ||| Stepping ~*~*~tactically~*~*~ (retreating).
 12736 | Lair:5   | 12736 ||| Stepping ~*~*~tactically~*~*~ (retreating).
 12737 | Lair:5   | 12737 ||| Stepping ~*~*~tactically~*~*~ (retreating).
 12738 | Lair:5   | 12738 ||| Stepping ~*~*~tactically~*~*~ (retreating).
 12739 | Lair:5   | 12739 ||| Stepping ~*~*~tactically~*~*~ (retreating).
 12740 | Lair:5   | 12740 ||| Stepping ~*~*~tactically~*~*~ (retreating).
 12741 | Lair:5   | 12741 ||| Stepping ~*~*~tactically~*~*~ (retreating).
 12743 | Lair:5   | 12743 ||| Stepping ~*~*~tactically~*~*~ (retreating).
 12751 | Lair:5   | Identified the +0 ring mail "Poonweu" {+Inv Fly rF+ rC-}
                  | (Okawaru gifted it to you on level 5 of the Lair of Beasts)
 12751 | Lair:5   | Received a gift from Okawaru
 12763 | Lair:5   | 12763 ||| INVOKING Heroism.
 12768 | Lair:5   | 12768 ||| Stepping ~*~*~tactically~*~*~ (retreating).
 12769 | Lair:5   | 12769 ||| Stepping ~*~*~tactically~*~*~ (retreating).
 12770 | Lair:5   | 12770 ||| Stepping ~*~*~tactically~*~*~ (retreating).
 12809 | Lair:5   | 12809 ||| RETREATING.
 12811 | Lair:5   | 12811 ||| RETREATING.
 12813 | Lair:5   | 12813 ||| RETREATING.
 12815 | Lair:5   | 12815 ||| Stepping ~*~*~tactically~*~*~ (retreating).
 12821 | Lair:5   | Reached skill level 18 in Ranged Weapons
 12821 | Lair:5   | Gained mutation: Your large and strong wings let you fly.
                  | [Gargoyle growth]
 12821 | Lair:5   | Reached XP level 14. HP: 90/90 MP: 21/21
 12876 | Lair:5   | 12876 ||| INVOKING Heroism.
 12905 | Lair:5   | 12905 ||| INVOKING Heroism.
 12989 | Lair:5   | 12989 ||| INVOKING Heroism.
 12992 | Lair:5   | Reached skill level 12 in Fighting
 13055 | Lair:5   | 13055 ||| INVOKING Heroism.
 13141 | Lair:5   | Found a burning altar of Makhleb.
 13142 | Lair:5   | 13142 ||| Stepping ~*~*~tactically~*~*~ (outnumbered).
 13145 | Lair:5   | 13145 ||| RETREATING.
 13148 | Lair:5   | 13148 ||| Stepping ~*~*~tactically~*~*~ (retreating).
 13149 | Lair:5   | 13149 ||| Stepping ~*~*~tactically~*~*~ (retreating).
 13150 | Lair:5   | 13150 ||| Stepping ~*~*~tactically~*~*~ (retreating).
 13152 | Lair:5   | 13152 ||| INVOKING Heroism.
 13153 | Lair:5   | 13153 ||| Stepping ~*~*~tactically~*~*~ (retreating).
 13154 | Lair:5   | 13154 ||| Stepping ~*~*~tactically~*~*~ (retreating).
 13155 | Lair:5   | 13155 ||| Stepping ~*~*~tactically~*~*~ (retreating).
 13156 | Lair:5   | 13156 ||| Stepping ~*~*~tactically~*~*~ (retreating).
 13157 | Lair:5   | 13157 ||| Stepping ~*~*~tactically~*~*~ (retreating).
 13158 | Lair:5   | 13158 ||| Stepping ~*~*~tactically~*~*~ (retreating).
 13159 | Lair:5   | 13159 ||| Stepping ~*~*~tactically~*~*~ (retreating).
 13160 | Lair:5   | 13160 ||| Stepping ~*~*~tactically~*~*~ (retreating).
 13161 | Lair:5   | 13161 ||| Stepping ~*~*~tactically~*~*~ (retreating).
 13162 | Lair:5   | 13162 ||| Stepping ~*~*~tactically~*~*~ (retreating).
 13165 | Lair:5   | 13165 ||| Stepping ~*~*~tactically~*~*~ (retreating).
 13166 | Lair:5   | 13166 ||| INVOKING Finesse.
 13220 | Lair:5   | 13220 ||| FLEEEEING.
 13263 | Lair:5   | 13263 ||| RETREATING.
 13265 | Lair:5   | 13265 ||| INVOKING Heroism.
 13266 | Lair:5   | 13266 ||| INVOKING Finesse.
 13330 | Lair:5   | Found a gateway to Hell.
 13556 | Lair:5   | 13556 ||| INVOKING Heroism.
 13614 | Lair:5   | Found a runed translucent door.
 13967 | Lair:5   | 13967 ||| PLANNING D:1-11
 13967 | Lair:5   | 13967 ||| READING scroll labelled DOKALE HOAMA.
 13968 | Lair:5   | 13968 ||| READING scroll labelled ZOF ZEAXUAXZOLL.
 13969 | Lair:5   | 13969 ||| READING 2 scrolls of identify.
 13969 | Lair:5   | 13969 ||| IDENTIFYING puce potion
 13970 | Lair:5   | 13970 ||| DROPPING potion of attraction.
 14138 | D:11     | Identified the +6 plate armour of the Treeataur {-Tele
                  | Will++ Int+5} (Okawaru gifted it to you on level 11 of the
                  | Dungeon)
 14138 | D:11     | Received a gift from Okawaru
 14139 | D:11     | Reached skill level 6 in Armour
 14548 | D:11     | 14548 ||| PLANNING D
 14548 | D:11     | 14548 ||| DROPPING +6 ring of intelligence.
 14599 | D:12     | 14599 ||| INVOKING Heroism.
 14600 | D:12     | 14600 ||| INVOKING Finesse.
 14700 | D:12     | 14700 ||| RETREATING.
 14709 | D:12     | 14709 ||| Stepping ~*~*~tactically~*~*~ (retreating).
 14720 | D:12     | 14720 ||| INVOKING Heroism.
 14861 | D:12     | Found a viscous altar of Jiyva.
 15406 | D:12     | 15406 ||| FLEEEEING.
 15407 | D:12     | 15407 ||| FLEEEEING.
 15595 | D:13     | 15595 ||| READING scroll of enchant armour.
 15595 | D:13     | 15595 ||| ENCHANTING +1 pair of gloves.
 15626 | D:13     | 15626 ||| Stepping ~*~*~tactically~*~*~ (outnumbered).
 15630 | D:13     | 15630 ||| INVOKING Heroism.
 15631 | D:13     | 15631 ||| INVOKING Finesse.
 15693 | D:13     | Noticed Nessos
 15697 | D:13     | 15697 ||| INVOKING Finesse.
 15699 | D:13     | Killed Nessos
 15736 | D:13     | 15736 ||| SWAPPING to +2 longbow of flaming.
 15737 | D:13     | 15737 ||| DROPPING +0 arbalest of flaming.
 15793 | D:13     | Reached XP level 15. HP: 100/100 MP: 22/22
 15794 | D:13     | 15794 ||| INVOKING Heroism.
 15838 | D:13     | 15838 ||| Stepping ~*~*~tactically~*~*~ (outnumbered).
 15844 | D:13     | 15844 ||| Stepping ~*~*~tactically~*~*~ (outnumbered).
 15845 | D:13     | 15845 ||| Stepping ~*~*~tactically~*~*~ (outnumbered).
 15849 | D:13     | 15849 ||| Stepping ~*~*~tactically~*~*~ (outnumbered).
 15875 | D:13     | Identified the +2 glaive of Ignis, Ageing {freeze, Dex+4
                  | SInv}
 15875 | D:13     | Noticed Lodul
 15876 | D:13     | 15876 ||| RETREATING.
 15891 | D:13     | Killed Lodul
 15892 | D:13     | 15892 ||| FLEEEEING.
 15893 | D:13     | 15893 ||| FLEEEEING.
 15894 | D:13     | 15894 ||| FLEEEEING.
 15895 | D:13     | 15895 ||| FLEEEEING.
 15896 | D:13     | 15896 ||| FLEEEEING.
 15897 | D:13     | 15897 ||| FLEEEEING.
 15898 | D:13     | 15898 ||| FLEEEEING.
 15899 | D:13     | 15899 ||| FLEEEEING.
 15935 | D:13     | Noticed Erolcha
 15940 | D:13     | 15940 ||| FLEEEEING.
 15951 | D:13     | Killed Erolcha
 16022 | D:13     | Found a gate to the Vaults.
 16353 | D:13     | Found Eryr's Armour Shop.
 16579 | D:14     | 16579 ||| STAIRDANCE
 16585 | D:14     | 16585 ||| STAIRDANCE
 16611 | D:14     | 16611 ||| INVOKING Heroism.
 16629 | D:14     | Received a gift from Okawaru
 16708 | D:14     | Reached skill level 19 in Ranged Weapons
 16793 | D:14     | Found Xueriyt's Antique Weapon Boutique.
 17006 | D:14     | 17006 ||| INVOKING Heroism.
 17074 | D:14     | 17074 ||| READING scroll of enchant weapon.
 17074 | D:14     | 17074 ||| ENCHANTING +2 longbow of flaming.
 17150 | D:14     | 17150 ||| DROPPING amulet of guardian spirit.
 17151 | D:14     | 17151 ||| DRINKING 2 bubbling green potions.
 17152 | D:14     | 17152 ||| DROPPING potion of invisibility.
 17187 | D:15     | Entered Level 15 of the Dungeon
 17353 | D:15     | Found a runed translucent gate.
 17353 | D:15     | Found a runed translucent gate.
 17354 | D:15     | Found a runed translucent gate.
 17363 | D:15     | Noticed Vochiuc's ghost (adept DEFE)
 17363 | D:15     | Noticed Xiestris's ghost (journeyman DsGl)
 17524 | D:15     | Found Daus's Distillery.
 17534 | D:15     | 17534 ||| BUYING potion of haste (150 gold).
 17534 | D:15     | Bought a potion of haste for 150 gold pieces
 17534 | D:15     | 17534 ||| BUYING potion of heal wounds (75 gold).
 17534 | D:15     | Bought a potion of heal wounds for 75 gold pieces
 17534 | D:15     | 17534 ||| BUYING potion of heal wounds (75 gold).
 17534 | D:15     | Bought a potion of heal wounds for 75 gold pieces
 17534 | D:15     | 17534 ||| BUYING potion of magic (120 gold).
 17534 | D:15     | Bought a potion of magic for 120 gold pieces
 17534 | D:15     | 17534 ||| BUYING potion of mutation (120 gold).
 17534 | D:15     | Bought a potion of mutation for 120 gold pieces
 17668 | D:15     | Found Nar Buvo's Distillery.
 17679 | D:15     | 17679 ||| BUYING 2 potions of curing (96 gold).
 17679 | D:15     | Bought 2 potions of curing for 96 gold pieces
 17679 | D:15     | 17679 ||| BUYING potion of curing (48 gold).
 17679 | D:15     | Bought a potion of curing for 48 gold pieces
 17679 | D:15     | 17679 ||| BUYING potion of curing (48 gold).
 17679 | D:15     | Bought a potion of curing for 48 gold pieces
 17679 | D:15     | 17679 ||| BUYING potion of mutation (128 gold).
 17679 | D:15     | Bought a potion of mutation for 128 gold pieces
 17733 | D:15     | 17733 ||| RETREATING.
 17786 | D:15     | Found a staircase to the Depths.
 17790 | D:15     | Received a gift from Okawaru
 18238 | D:15     | 18238 ||| PLANNING ORC
 18361 | Orc:1    | Entered Level 1 of the Orcish Mines
 18365 | Orc:1    | 18365 ||| STAIRDANCE
 18511 | Orc:1    | Noticed Jorgrun
 18512 | Orc:1    | 18512 ||| INVOKING Heroism.
 18513 | Orc:1    | 18513 ||| INVOKING Finesse.
 18540 | Orc:1    | Killed Jorgrun
 18730 | Orc:2    | Entered Level 2 of the Orcish Mines
 18732 | Orc:2    | 18732 ||| STAIRDANCE
 18737 | Orc:2    | 18737 ||| STAIRDANCE
 18745 | Orc:2    | 18745 ||| STAIRDANCE
 18766 | Orc:2    | 18766 ||| STAIRDANCE
 18771 | Orc:2    | 18771 ||| Stepping ~*~*~tactically~*~*~ (outnumbered).
 18785 | Orc:2    | 18785 ||| INVOKING Heroism.
 18828 | Orc:2    | Reached skill level 20 in Ranged Weapons
 18830 | Orc:2    | 18830 ||| INVOKING Heroism.
 18846 | Orc:2    | 18846 ||| Stepping ~*~*~tactically~*~*~ (outnumbered).
 18848 | Orc:2    | 18848 ||| Stepping ~*~*~tactically~*~*~ (outnumbered).
 18878 | Orc:2    | 18878 ||| Stepping ~*~*~tactically~*~*~ (outnumbered).
 18921 | Orc:2    | 18921 ||| Stepping ~*~*~tactically~*~*~ (outnumbered).
 18987 | Orc:2    | 18987 ||| INVOKING Heroism.
 19046 | Orc:2    | Found a staircase to the Elven Halls.
 19147 | Orc:2    | 19147 ||| FLEEEEING.
 19161 | Orc:2    | 19161 ||| INVOKING Heroism.
 19164 | Orc:2    | Noticed an orc warlord
 19165 | Orc:2    | 19165 ||| RETREATING.
 19174 | Orc:2    | 19174 ||| Stepping ~*~*~tactically~*~*~ (retreating).
 19175 | Orc:2    | 19175 ||| Stepping ~*~*~tactically~*~*~ (retreating).
 19176 | Orc:2    | 19176 ||| Stepping ~*~*~tactically~*~*~ (retreating).
 19189 | Orc:2    | 19189 ||| Stepping ~*~*~tactically~*~*~ (retreating).
 19197 | Orc:2    | 19197 ||| Stepping ~*~*~tactically~*~*~ (retreating).
 19198 | Orc:2    | 19198 ||| Stepping ~*~*~tactically~*~*~ (retreating).
 19201 | Orc:2    | 19201 ||| Stepping ~*~*~tactically~*~*~ (retreating).
 19202 | Orc:2    | 19202 ||| Stepping ~*~*~tactically~*~*~ (retreating).
 19223 | Orc:2    | 19223 ||| Stepping ~*~*~tactically~*~*~ (retreating).
 19224 | Orc:2    | 19224 ||| Stepping ~*~*~tactically~*~*~ (retreating).
 19225 | Orc:2    | HP: 23/101 [orc warrior/+0 flail[an orc warlord] (12)]
 19226 | Orc:2    | 19226 ||| READING 8 scrolls of teleportation.
 19227 | Orc:2    | 19227 ||| DRINKING 5 potions of heal wounds.
 19228 | Orc:2    | Killed an orc warlord
 19229 | Orc:2    | Reached skill level 15 in Fighting
 19229 | Orc:2    | Found Peajor's Book Boutique.
 19230 | Orc:2    | 19230 ||| INVOKING Heroism.
 19231 | Orc:2    | 19231 ||| Stepping ~*~*~tactically~*~*~ (outnumbered).
 19236 | Orc:2    | Noticed Nergalle
 19241 | Orc:2    | 19241 ||| Stepping ~*~*~tactically~*~*~ (outnumbered).
 19244 | Orc:2    | 19244 ||| Stepping ~*~*~tactically~*~*~ (retreating).
 19245 | Orc:2    | 19245 ||| Stepping ~*~*~tactically~*~*~ (retreating).
 19256 | Orc:2    | Killed Nergalle
 19261 | Orc:2    | HP: 24/103 [orc knight/bolt (16)]
 19262 | Orc:2    | 19262 ||| READING 7 scrolls of teleportation.
 19263 | Orc:2    | 19263 ||| DRINKING 4 potions of heal wounds.
 19315 | Orc:2    | Noticed Donald
 19316 | Orc:2    | 19316 ||| INVOKING Heroism.
 19331 | Orc:2    | 19331 ||| INVOKING Finesse.
 19345 | Orc:2    | Killed Donald
 19494 | Orc:2    | 19494 ||| INVOKING Heroism.
 19503 | Orc:2    | 19503 ||| RETREATING.
 19543 | Orc:2    | Found Venumeix's General Store.
 19550 | Orc:2    | 19550 ||| BUYING potion of curing (33 gold).
 19550 | Orc:2    | Bought a potion of curing for 33 gold pieces
 19550 | Orc:2    | 19550 ||| BUYING potion of resistance (110 gold).
 19550 | Orc:2    | Bought a potion of resistance for 110 gold pieces
 19550 | Orc:2    | 19550 ||| BUYING scroll of identify (22 gold).
 19550 | Orc:2    | Bought a scroll of identify for 22 gold pieces
 19628 | Orc:2    | Found Ecrader's Antique Weapon Boutique.
 19634 | Orc:2    | 19634 ||| BUYING runed longbow (275 gold).
 19634 | Orc:2    | Bought a runed longbow for 275 gold pieces
 19634 | Orc:2    | 19634 ||| SWAPPING to +4 longbow of electrocution.
 19635 | Orc:2    | 19635 ||| DROPPING +3 longbow of flaming.
 19644 | Orc:2    | Found Sigihargh's Antique Armour Boutique.
 19653 | Orc:2    | 19653 ||| BUYING +3 pair of mountain boots {steadfast, rC+}
                  | (1038 gold).
 19653 | Orc:2    | Bought the +3 pair of mountain boots {steadfast, rC+} for
                  | 1038 gold pieces
 19653 | Orc:2    | Found the +3 pair of mountain boots {steadfast, rC+}
 19722 | Orc:2    | 19722 ||| PLANNING SPIDER:1-3
 19722 | Orc:2    | 19722 ||| UPGRADING to +3 pair of mountain boots
                  | {steadfast, rC+}.
 19852 | Spider:1 | Entered Level 1 of the Spider Nest
 19876 | Spider:1 | 19876 ||| RETREATING.
 19879 | Spider:1 | Reached XP level 16. HP: 108/108 MP: 23/23
 20058 | Spider:1 | 20058 ||| RETREATING.
 20060 | Spider:1 | 20060 ||| INVOKING Finesse.
 20061 | Spider:1 | 20061 ||| Stepping ~*~*~tactically~*~*~ (retreating).
 20062 | Spider:1 | 20062 ||| Stepping ~*~*~tactically~*~*~ (retreating).
 20063 | Spider:1 | 20063 ||| Stepping ~*~*~tactically~*~*~ (retreating).
 20075 | Spider:1 | 20075 ||| Stepping ~*~*~tactically~*~*~ (retreating).
 20076 | Spider:1 | 20076 ||| Stepping ~*~*~tactically~*~*~ (retreating).
 20082 | Spider:1 | Reached skill level 9 in Dodging
 20085 | Spider:1 | 20085 ||| DRINKING potion of cancellation.
 20257 | Spider:1 | 20257 ||| INVOKING Finesse.
 20261 | Spider:1 | 20261 ||| Stepping ~*~*~tactically~*~*~ (retreating).
 20266 | Spider:1 | 20266 ||| INVOKING Heroism.
 20539 | Spider:1 | 20539 ||| RETREATING.
 20540 | Spider:1 | 20540 ||| Stepping ~*~*~tactically~*~*~ (retreating).
 20541 | Spider:1 | 20541 ||| Stepping ~*~*~tactically~*~*~ (retreating).
 20549 | Spider:1 | 20549 ||| Stepping ~*~*~tactically~*~*~ (retreating).
 20550 | Spider:1 | 20550 ||| Stepping ~*~*~tactically~*~*~ (retreating).
 20655 | Spider:1 | 20655 ||| INVOKING Heroism.
 20813 | Spider:1 | 20813 ||| INVOKING Finesse.
 20850 | Spider:1 | 20850 ||| READING scroll of enchant armour.
 20850 | Spider:1 | 20850 ||| ENCHANTING +0 helmet.
 21139 | Spider:1 | 21139 ||| DROPPING +1 robe of cold resistance.
 21161 | Spider:2 | 21161 ||| INVOKING Heroism.
 21162 | Spider:2 | 21162 ||| STAIRDANCE
 21174 | Spider:2 | 21174 ||| STAIRDANCE
 21176 | Spider:1 | 21176 ||| Stepping ~*~*~tactically~*~*~ (retreating).
 21177 | Spider:1 | 21177 ||| Stepping ~*~*~tactically~*~*~ (retreating).
 21178 | Spider:1 | 21178 ||| Stepping ~*~*~tactically~*~*~ (retreating).
 21179 | Spider:1 | 21179 ||| Stepping ~*~*~tactically~*~*~ (retreating).
 21217 | Spider:2 | 21217 ||| STAIRDANCE
 21219 | Spider:1 | 21219 ||| Stepping ~*~*~tactically~*~*~ (retreating).
 21220 | Spider:1 | 21220 ||| Stepping ~*~*~tactically~*~*~ (retreating).
 21221 | Spider:1 | 21221 ||| INVOKING Heroism.
 21268 | Spider:2 | 21268 ||| STAIRDANCE
 21276 | Spider:2 | 21276 ||| STAIRDANCE
 21278 | Spider:1 | 21278 ||| INVOKING Heroism.
 21297 | Spider:2 | 21297 ||| STAIRDANCE
 21319 | Spider:2 | 21319 ||| STAIRDANCE
 21319 | Spider:2 | HP: 23/110 [culicivora (15)]
 21321 | Spider:1 | 21321 ||| READING 6 scrolls of teleportation.
 21322 | Spider:1 | 21322 ||| DRINKING 3 potions of heal wounds.
 21322 | Spider:1 | HP: 8/110 [culicivora (6)]
 21323 | Spider:1 | 21323 ||| DRINKING 2 potions of heal wounds.
 21324 | Spider:1 | 21324 ||| DRINKING potion of heal wounds.
 21325 | Spider:1 | 21325 ||| INVOKING Heroism.
 21416 | Spider:2 | 21416 ||| RETREATING.
 21430 | Spider:2 | 21430 ||| INVOKING Heroism.
 21435 | Spider:2 | 21435 ||| DRINKING 6 potions of curing.
 21435 | Spider:2 | 21435 ||| (to cure confusion)
 21439 | Spider:2 | Reached skill level 9 in Armour
 21559 | Spider:2 | 21559 ||| RETREATING.
 21568 | Spider:2 | 21568 ||| Stepping ~*~*~tactically~*~*~ (retreating).
 21569 | Spider:2 | 21569 ||| Stepping ~*~*~tactically~*~*~ (retreating).
 21571 | Spider:2 | 21571 ||| Stepping ~*~*~tactically~*~*~ (retreating).
 21572 | Spider:2 | 21572 ||| Stepping ~*~*~tactically~*~*~ (retreating).
 21575 | Spider:2 | HP: 6/110 [disintegration (47)]
 21575 | Spider:2 | Mangled by a jumping spider

Levels and vault maps discovered:
D:1:      orjb1_clovarrival, layout_rooms, minmay_lizard_pond
D:2:      layout_basic, shapermc_ecumenical_altar_gd, minmay_shallow_snake_nest
D:3:      layout_basic, xom_confusion_cloud, okawaru_gym_becter,
          mainiacjoe_overflow_boulevard
D:4:      layout_basic, gammafunk_temple_overflow_forgotten, tgw_kikubaaqudgha,
          gammafunk_ghost_stat_death
D:5:      layout_cave_pools, amethyst_overflow_temple_binary,
          minmay_temple_entry_large_hall
D:6:      layout_basic, vehumet_statue
D:7:      layout_basic, trog_antimagical
D:8:      layout_basic, gammafunk_ghost_spectres, fungi_pond_lemuel
D:9:      layout_roguey, orc_0_dummy, nicolae_underground_beach
D:10:     wad_cavern_with_rooms, layout_irregular_city, lightli_temple_of_fire,
          erik_lair_orcish_takeover, serial_demonic, serial_demonic_b,
          serial_demonic_e, serial_demonic_f, serial_demonic_d,
          serial_demonic_c, serial_demonic_f, serial_demonic_g,
          serial_demonic_a, enter_bailey_3, dreamdust_princess_bridge,
          minmay_hollow_rounded_squares, uniq_sonja
D:11:     layout_rooms, chequers_big_river, kennysheep_decorative_pillar,
          minmay_misc_feat_doors
D:12:     layout_long_grid, grunt_ministairs_14, jiyva_altar_1
D:13:     layout_irregular_city, hellmonk_vaults_attempted_burglary,
          serial_shops, nicolae_stop_n_shop_2, serial_glass, glass_columns_b,
          glass_columns_a, grunt_ministairs_4, uniq_lodul, uniq_nessos,
          uniq_erolcha
D:14:     layout_roguey, serial_shops, shop, minmay_misc_feat_five
D:15:     gammafunk_enter_depths_forms, layout_cave_pods,
          gammafunk_ghost_cemetery, serial_shops, nicolae_diamond_shop, shop
Lair:1:   layout_cellular_growth, serial_bayou_shore_a
Lair:2:   layout_cave_pods, swamp_mist, ebering_ghost_disaster_area, uniq_maggie
Lair:3:   layout_cave_pods, hellmonk_spider_entry_life_and_decay
Lair:4:   layout_loops_ring, small_statue_intersection, lemuel_fruit_fields,
          serial_bayou_shore_b
Lair:5:   evil_forest, layout_regular_city, minmay_slime_entry_eyes,
          pdpol_lair_cabin_in_the_woods
Spider:1: layout_chambers
Spider:2: layout_spider_delve
Orc:1:    layout_caves, nicolae_orc_rockfall, uniq_jorgrun
Orc:2:    grunt_orc_cross, layout_caves, uniq_donald

Skill      XL: |  1  2  3  4  5  6  7  8  9 10 11 12 13 14 15 16 |
---------------+-------------------------------------------------+-----
Ranged Weapons | 5 6 7 8 9 11 13 14 16 18 20 | 20.0
Fighting       | 3 4 5 6 7 8 9 10 11 14 15 16 | 16.2
Armour         | 1 3 4 5 6 9 |  9.0
Invocations    | 2 4 9 10 | 10.0
Dodging        | 2 3 4 5 6 8 9 |  9.0
Stealth        | |  1.1

Action                     |  1- 3 |  4- 6 |  7- 9 | 10-12 | 13-15 | 16-18 || total
---------------------------+-------+-------+-------+-------+-------+-------++-------
   Fire: Shortbow          |   103 |   142 |   271 |       |       |       ||   516
         Arbalest          |       |       |     3 |   513 |   780 |       ||  1296
         Longbow           |       |       |       |       |   620 |   309 ||   929
 Invoke: Heroism           |       |     1 |    14 |    28 |    28 |     7 ||    78
         Finesse           |       |       |       |     2 |     7 |     3 ||    12
    Use: Scroll            |     5 |     7 |     9 |     6 |     9 |     2 ||    38
         Potion            |     1 |       |     3 |       |     3 |     5 ||    12
 Armour: Leather armour    |    23 |     9 |       |       |       |       ||    32
         Ring mail         |       |    28 |    36 |       |       |       ||    64
         Steam dragon scal |       |       |    49 |    93 |       |       ||   142
         Troll leather arm |       |       |       |   111 |   397 |   150 ||   658
  Dodge: Dodged            |    19 |    31 |   168 |   441 |   784 |   332 ||  1775

Table legend:
 A = Non-vault XP
 B = Vault XP
 C = Vault XP percentage of total XP
 D = Non-vault monster count
 E = Vault monster count
 F = Vault count percentage of total count
                 A         B        C        D         E       F
            +---------+---------+-------+---------+---------+-------
      Total |  112534 |   44164 |  28.2 |     574 |     162 |  22.0
            +---------+---------+-------+---------+---------+-------
        D:1 |      43 |       4 |   8.5 |      26 |       4 |  13.3
        D:2 |      49 |      20 |  29.0 |      21 |       6 |  22.2
        D:3 |      61 |       9 |  12.9 |      15 |       6 |  28.6
        D:4 |     306 |       0 |   0.0 |      25 |       0 |   0.0
        D:5 |     645 |       0 |   0.0 |      16 |       0 |   0.0
        D:6 |     765 |      32 |   4.0 |      16 |       1 |   5.9
        D:7 |    1193 |     338 |  22.1 |      19 |       3 |  13.6
        D:8 |     608 |       0 |   0.0 |      12 |       0 |   0.0
        D:9 |    1778 |       0 |   0.0 |      29 |       0 |   0.0
       D:10 |    2577 |    8561 |  76.9 |      12 |      35 |  74.5
       D:11 |    4131 |       0 |   0.0 |      19 |       0 |   0.0
       D:12 |    5452 |    1143 |  17.3 |      18 |       7 |  28.0
       D:13 |   10604 |    4935 |  31.8 |      33 |      13 |  28.3
       D:14 |    6429 |       0 |   0.0 |      12 |       0 |   0.0
       D:15 |    2834 |    4466 |  61.2 |       6 |      10 |  62.5
     Lair:1 |    7684 |       0 |   0.0 |      36 |       0 |   0.0
     Lair:2 |   10097 |     389 |   3.7 |      31 |       1 |   3.1
     Lair:3 |    6233 |    1127 |  15.3 |      24 |       5 |  17.2
     Lair:4 |    5811 |       0 |   0.0 |      31 |       0 |   0.0
     Lair:5 |   10085 |   12091 |  54.5 |      31 |      31 |  50.0
   Spider:1 |   24909 |       0 |   0.0 |      59 |       0 |   0.0
   Spider:2 |    4490 |       0 |   0.0 |      16 |       0 |   0.0
      Orc:1 |    1510 |    1941 |  56.2 |      26 |       1 |   3.7
      Orc:2 |    4240 |    9108 |  68.2 |      41 |      39 |  48.8
            +---------+---------+-------+---------+---------+-------
